 Dungeon Crawl Stone Soup version 0.18-a0-1745-gffa9a88 (webtiles) character file.

175 Keker the Covered (level 5, 0/33 HPs)
             Began as a Gargoyle Fighter on Apr 11, 2016.
             Was an Initiate of Okawaru.
             Slain by an ogre
             ... wielding a +0 giant club
              (19 damage)
             ... on level 4 of the Dungeon.
             The game lasted 00:09:20 (2526 turns).

Keker the Covered (Gargoyle Fighter)                Turns: 2526, Time: 00:09:21

Health: 0/33       AC: 17    Str: 21    XL:     5   Next: 55%
Magic:  5/5        EV:  4    Int:  8    God:    Okawaru [......]
Gold:   245        SH:  9    Dex:  9    Spells: 0 memorised, 4 levels left

rFire  . . .     SeeInvis .     a - +0 flail
rCold  . . .     Gourm    .     i - +0 plate armour
rNeg   + . .     Faith    .     c - +0 shield
rPois  ∞         Spirit   .     (no helmet)
rElec  +         Dismiss  .     (no cloak)
rCorr  .         Reflect  .     q - +0 pair of gloves
SustAt .         Harm     .     (no boots)
MR     .....                    (no amulet)
Stlth  ..........               (no ring)
                                (no ring)

@: not resistant to hostile enchantments, extremely unstealthy
A: negative energy resistance 1, electricity resistance, unbreathing,
petrification resistance, rot immunity, AC +4
a: Renounce Religion


You were on level 4 of the Dungeon.
You worshipped Okawaru.
Okawaru was noncommittal.
You were not hungry.

You visited 1 branch of the dungeon, and saw 4 of its levels.

You collected 245 gold pieces.

Inventory:

Hand Weapons
 a - a +0 flail (weapon)
Armour
 c - a +0 shield (worn)
 i - a +0 plate armour (worn)
 q - a +0 pair of gloves (worn)
Wands
 s - a wand of digging (19/24)
Scrolls
 h - a scroll of amnesia {unknown}
 j - 2 scrolls of fear {unknown}
 k - a scroll of identify {unknown}
 l - a scroll of magic mapping {unknown}
 o - a scroll of noise {unknown}
 p - a scroll of enchant weapon {unknown}
 u - a scroll of enchant armour {unknown}
 w - a scroll of fog {unknown}
Potions
 b - a potion of cure mutation {unknown}
 d - a potion of might
 e - a potion of mutation {unknown}
 m - 2 potions of berserk rage {unknown}
 n - a potion of curing {unknown}
 r - a potion of flight {unknown}
 t - 2 potions of heal wounds {unknown}
 v - a potion of ambrosia {unknown}
Comestibles
 f - 2 bread rations
 g - a slice of pizza


   Skills:
 + Level 4.2 Fighting
 * Level 4.1 Maces & Flails
 + Level 4.4 Armour
 - Level 3.2 Shields


You had 4 spell levels left.
You didn't know any spells.

Dungeon Overview and Level Annotations

Branches:
Dungeon (4/15)
 Temple: D:4-7

Altars:
Ashenzari
Elyvilon
Gozag
Nemelex Xobeh
Okawaru
Trog
Yredelemnul


Innate Abilities, Weirdness & Mutations

You are resistant to torment.
Your stone body is resilient (AC +4).
You are immune to poison.
You resist negative energy.
You are resistant to electric shocks.
You can survive without breathing.
You are immune to petrification.
You are immune to rotting.


Message History

No target in view!
No target in view!
w - a scroll labeled MYQICU HIMABRU You now have 245 gold pieces (gained 12).
You found a teleport trap!
Found 10 bolts.
No target in view!
There is a stone staircase leading up here.
Found 23 stones.
Found a whip.
An ogre comes into view. It is wielding a giant club.
Gozag incites the ogre against you.
The ogre shouts!
The ogre goes berserk!
The ogre hits you with a giant club!
You sock the ogre!
The ogre is moderately wounded.
You block the ogre's attack. The ogre hits you with a giant club!!
Ouch! That really hurt!
You die...

### .)# #.# ######
#.# #######..... .#
#.# #.....#.####
....###.#####.###.#.#
#....@........#.#.#
#####O#####.#.#.#.#
#.# #.#.#<#.##
........#
#.#.#....###
#########
#(..#.......
#..###...### #..#
##.## #..# #.#
##..####.#


You could see an ogre (berserk).

Vanquished Creatures
  An iguana (D:3)
  2 adders
  3 gnolls (D:2)
  An ooze (D:3)
  4 worms (D:3)
  A dart slug (D:1)
  3 giant geckos
  7 orcs (D:3)
  3 giant cockroaches
  9 goblins
  7 hobgoblins
  3 jackals (D:3)
  3 quokkas
  3 ball pythons (D:1)
  7 bats
  7 giant newts
  8 kobolds
  9 rats
81 creatures vanquished.

Vanquished Creatures (others)
  A wizard (D:3)
1 creature vanquished.

Grand Total: 82 creatures vanquished

Notes
Turn   | Place    | Note
--------------------------------------------------------------
     0 | D:1      | Keker the Gargoyle Fighter began the quest for the Orb.
     0 | D:1      | Reached XP level 1. HP: 14/14 MP: 1/1
    45 | D:1      | Reached XP level 2. HP: 13/19 MP: 2/2
   408 | D:1      | Reached XP level 3. HP: 23/23 MP: 3/3
   792 | D:2      | Reached XP level 4. HP: 27/29 MP: 4/4
   856 | D:2      | Found a sparkling altar of Nemelex Xobeh.
  1072 | D:2      | Found an opulent altar of Gozag.
  1073 | D:2      | Found a sparkling altar of Nemelex Xobeh.
  1385 | D:3      | Found a white marble altar of Elyvilon.
  1436 | D:3      | Found a shattered altar of Ashenzari.
  1581 | D:3      | Found a basalt altar of Yredelemnul.
  1728 | D:3      | Found a faded altar to an unknown god.
  1736 | D:3      | Became a worshipper of Gozag Ym Sagoz the Greedy
  1746 | D:3      | Reached XP level 5. HP: 32/33 MP: 5/5
  1810 | D:3      | Found a bloodstained altar of Trog.
  1813 | D:3      | Noticed a wizard
  1819 | D:3      | Killed a wizard
  2015 | D:3      | Fell from the grace of Gozag
  2380 | D:3      | Found an iron altar of Okawaru.
  2380 | D:3      | Found a bloodstained altar of Trog.
  2384 | D:3      | Became a worshipper of Warmaster Okawaru
  2523 | D:4      | Noticed an ogre
  2526 | D:4      | Slain by an ogre

Vault maps used:
D:1:      scummos_arrival_simple_fountains, corexii_item_surrounded_by_moat,
          minmay_misc_feat_tiny, minmay_misc_feat_chi, st_stairs_4
D:2:      grunt_temple_overflow_opulence, hangedman_decor_riveting,
          nemelex_xobeh_ov_fountains_minmay
D:3:      kennysheep_ying_yang, gammafunk_temple_overflow_elements,
          lemuel_round_altar, ecumenical_altar_2, first_bread, trog_wizard
D:4:      gammafunk_temple_overflow_statue

Skill      XL: |  1  2  3  4  5 |
---------------+----------------+-----
Maces & Flails | 3 4 |  4.1
Armour         | 4 |  4.4
Fighting       | 4 |  4.2
Shields        | |  3.2

Action                   |  1- 3 |  4- 6 || total
-------------------------+-------+-------++-------
Melee: Flail             |   150 |   231 ||   381
Invok: Renounce Religion |       |     1 ||     1
  Eat: Chunk             |       |     6 ||     6
